 Dungeon Crawl Stone Soup version 0.30.1-9-gdf580d7c3d (webtiles) character file.

Game seed: 2127884464214186725

497 booth the Chopper (level 7, 0/61 HPs)
             Began as a Hill Orc Monk on Sept 27, 2023.
             Slain by a black bear (6 damage)
             ... on level 5 of the Dungeon.
             The game lasted 00:23:00 (3747 turns).

booth the Chopper (Hill Orc Monk)                   Turns: 3747, Time: 00:23:00

Health: 0/61       AC:  8    Str: 16    XL:     7   Next: 15%
Magic:  9/9        EV: 11    Int: 10    God:
Gold:   173        SH:  0    Dex: 13    Spells: 6/6 levels left

rFire   . . .        a - +0 hand axe
rCold   . . .        d - orb {light}
rNeg    . . .        s - +0 ring mail
rPois   .            i - +2 helmet
rElec   .            (no cloak)
rCorr   .            (no gloves)
SInv    +            (no boots)
Will    .....        (no amulet)
Stlth   +            r - ring of see invisible
HPRegen 0.30/turn    (no ring)
MPRegen 0.11/turn

%: no passive effects
@: glowing
A: no striking features
a: no special abilities


You were on level 5 of the Dungeon.
You visited 1 branch of the dungeon, and saw 5 of its levels.

You collected 173 gold pieces.

Inventory:

Hand Weapons
 a - a +0 hand axe (weapon)
 g - a +0 mace
Missiles
 e - 10 poisoned darts (quivered)
 w - 5 boomerangs
Armour
 b - a +0 robe
 d - an orb of light (worn)
 i - a +2 helmet (worn)
 j - a +1 leather armour
 s - a +0 ring mail (worn)
Jewellery
 k - a +6 ring of dexterity
 l - a ring of fire
 r - a ring of see invisible (left hand)
Wands
 p - a wand of roots (11)
Scrolls
 m - a scroll of enchant armour
 n - a scroll of torment
 q - a scroll of immolation
 x - a scroll of identify
Potions
 c - a potion of ambrosia
 f - a potion of flight
 h - 2 potions of haste
 o - a potion of attraction
 t - 2 potions of curing
 u - a potion of brilliance
 v - a potion of mutation


   Skills:
 + Level 5.3 Fighting
 * Level 7.2 Axes
 + Level 3.6 Dodging
 + Level 3.7 Invocations


You had 6 spell levels left.
You didn't know any spells.
Your spell library contained the following spells:

 Spells                   Type           Power      Damage    Failure   Level
 Freeze                   Ice            0%         1d3       58%         1
 Frozen Ramparts          Ice            0%         1d1       91%         3
 Hailstorm                Conj/Ice       0%         3d3       91%         3
 Ozocubu's Armour         Ice            0%         N/A       91%         3
 Ozocubu's Refrigeration  Ice            0%         4d7       100%        7


Dungeon Overview and Level Annotations

Branches:
Dungeon (5/15)
 Temple: D:4-7

Altars:
Vehumet

Shops:
D:3 (

Annotations:
D:3 exclusion: statue


Message History

You hit the black bear but do no damage.
The black bear is severely wounded.
The black bear barely misses you.
The black bear claws you but does no damage.
The black bear barely misses you.
You hit the black bear but do no damage.
The black bear is severely wounded.
The black bear bites you but does no damage.
The black bear barely misses you. The black bear closely misses you.
You hit the black bear but do no damage.
The black bear is severely wounded.
The black bear bites you.
The black bear claws you but does no damage. x2
The black bear bites you!
The black bear claws you but does no damage.
The black bear claws you.
You hit the black bear.
The black bear is almost dead.
The black bear bites you!
* * * LOW HITPOINT WARNING * * *
The black bear misses you. The black bear claws you.
* * * LOW HITPOINT WARNING * * *
The black bear rages.
The black bear misses you. The black bear closely misses you.
The black bear claws you but does no damage.
You hit the black bear.
The black bear is almost dead.
The black bear misses you. x2; The black bear closely misses you.
You hit the black bear but do no damage.
The black bear is almost dead.
The black bear completely misses you. The black bear claws you.
* * * LOW HITPOINT WARNING * * *
The black bear closely misses you.
The black bear bites you but does no damage.
The black bear claws you but does no damage.
The black bear misses you.
You hit the black bear.
The black bear is almost dead.
The black bear closely misses you. The black bear claws you.
You die...

#..# #.# #..# #.#
#..# #.# #..# #.#
#..# #.# #..# #.# ###
####..# #.# . #..
..##h.# #.# #.#..#
#.##@.# #.###
#.#..### #.##..#
#....
.......######.##..##
#####
...................#
...........##.##...#
##....†............#
#...#)....#..#....#
###)###...##..#.##..#
#...)............ #.#


You could see a black bear (berserk).

Vanquished Creatures
  A phantom (D:5)
  A scorpion (D:4)
  A hound (D:5)
  4 iguanas
  4 gnolls (D:3)
  9 adders
  An ufetubus (D:4)
  2 worms (D:2)
  3 dart slugs
  8 orcs
  8 bats
  7 endoplasms
  2 giant cockroaches (D:2)
  9 goblins
  8 hobgoblins
  3 jackals (D:4)
  2 quokkas (D:4)
  10 ball pythons
  A frilled lizard (D:3)
  8 kobolds
  7 rats
99 creatures vanquished.

Notes
Turn   | Place    | Note
-------+----------+-------------------------------------------
     0 | D:1      | booth the Hill Orc Monk began the quest for the Orb.
     0 | D:1      | Reached XP level 1. HP: 19/19 MP: 1/1
   111 | D:1      | Reached XP level 2. HP: 27/27 MP: 2/2
   664 | D:2      | Reached XP level 3. HP: 33/33 MP: 3/3
   673 | D:2      | Reached skill level 1 in Invocations
  1128 | D:2      | Reached skill level 5 in Axes
  1131 | D:2      | Reached XP level 4. HP: 38/40 MP: 5/5
  1443 | D:3      | Found Waexzeyts's Weapon Shoppe.
  1607 | D:3      | Found a radiant altar of Vehumet.
  1843 | D:3      | Reached XP level 5. HP: 41/47 MP: 6/6
  2409 | D:3      | Noticed a frost-covered statue
  2450 | D:4      | Reached skill level 6 in Axes
  2451 | D:4      | Reached XP level 6. HP: 12/55 MP: 6/8
  2973 | D:4      | Reached skill level 5 in Fighting
  3410 | D:5      | Entered Level 5 of the Dungeon
  3510 | D:5      | Reached skill level 7 in Axes
  3624 | D:5      | Reached XP level 7. HP: 56/61 MP: 9/9
  3747 | D:5      | Slain by a black bear

Illustrated notes

Levels and vault maps discovered:
D:1:      heliophobic_arrival_battle_scene, layout_basic, serial_bayou_crossing
D:2:      layout_rooms
D:3:      layout_loops_ring, vehumet_statue, serial_shops, nicolae_shop_trees
D:4:      layout_loops_ring, kennysheep_generic_room_5
D:5:      layout_loops_ring, kennysheep_mini, minmay_misc_feat_tiny,
          chequers_hall_statues_y

Skill      XL: |  1  2  3  4  5  6 |
---------------+-------------------+-----
Fighting       | 4 5 |  5.3
Invocations    | 1 2 3 |  3.7
Axes           | 5 6 7 |  7.2
Dodging        | 3 |  3.6

Action                     |  1- 3 |  4- 6 |  7- 9 || total
---------------------------+-------+-------+-------++-------
  Melee: Hand axe          |    81 |   198 |    30 ||   309
    Use: Potion            |     1 |     1 |       ||     2
         Scroll            |       |    16 |       ||    16
 Armour: Robe              |    14 |       |       ||    14
         Leather armour    |     1 |    68 |       ||    69
         Ring mail         |       |     7 |    28 ||    35
  Dodge: Dodged            |    52 |   145 |    27 ||   224
